 Dungeon Crawl Stone Soup version 0.27.1-33-g824d729ab1 (webtiles) character file.

Game seed: 13309652587298718955

6360 zeram the Summoner (level 10, -14/76 HPs)
             Began as a Gnoll Summoner on Dec 30, 2021.
             Was an Initiate of Dithmenos.
             Killed from afar by a gargoyle (30 damage)
             ... with a stone arrow
             ... on level 9 of the Dungeon.
             The game lasted 00:22:51 (12424 turns).

zeram the Summoner (Gnoll Summoner)                Turns: 12424, Time: 00:22:52

Health: -14/76     AC: 13    Str:  8    XL:     10   Next: 96%
Magic:  17/21      EV: 16    Int: 24    God:    Dithmenos [......]
Gold:   339        SH:  6    Dex: 17    Spells: 18/24 levels left

rFire    . . .     SeeInvis +   f - +8 quick blade of the Coward {vamp, Contam Will- Int+7 Dex+4}
rCold    + + .     Faith    .   r - +0 buckler
rNeg     . . .     Spirit   .   l - +5 robe "Duqajiaf" {rC++ SInv}
rPois    .         Reflect  .   y - +0 helmet
rElec    .         Harm     .   t - +1 cloak
rCorr    .         Rampage  .   s - +0 pair of gloves
Will     .....                  x - +0 pair of boots
Stlth    ++++......             (no amulet)
HPRegen  0.22/turn              p - ring of see invisible
MPRegen  0.17/turn              (no ring)

@: no status effects
A: fangs 1, strong nose, distributed training
a: Renounce Religion


You were on level 9 of the Dungeon.
You worshipped Dithmenos.
Dithmenos was noncommittal.
You visited 2 branches of the dungeon, and saw 10 of its levels.

You collected 510 gold pieces.
You spent 171 gold pieces at shops.

Inventory:

Hand Weapons
 e - a +0 short sword
 f - the +8 quick blade of the Coward (weapon) {vamp, Contam Will- Int+7 Dex+4}
   (You acquired it on level 4 of the Dungeon)

   It occasionally heals its wielder for a portion of the damage dealt when it
   wounds a living foe.
   Int:       It affects your intelligence (+7).
   Dex:       It affects your dexterity (+4).
   Contam:    It causes magical contamination when unequipped.
   Will:      It decreases your willpower.
 i - a +3 short sword of venom
 w - the +3 flail "Ihawo" {vamp, rElec rPois Will- Dex+4}
   (You found it on level 8 of the Dungeon)

   It occasionally heals its wielder for a portion of the damage dealt when it
   wounds a living foe.
   Dex:       It affects your dexterity (+4).
   rElec:     It insulates you from electricity.
   rPois:     It protects you from poison.
   Will:      It decreases your willpower.
Missiles
 q - 3 throwing nets
Armour
 a - a +0 robe
 l - the +5 robe "Duqajiaf" (worn) {rC++ SInv}
   (You bought it in a shop on level 1 of the Dungeon)

   rC:        It greatly protects you from cold.
   SInv:      It lets you see invisible.
 r - a +0 buckler (worn)
 s - a +0 pair of gloves (worn)
 t - a +1 cloak (worn)
 x - a +0 pair of boots (worn)
 y - a +0 helmet (worn)
Jewellery
 p - a ring of see invisible (left hand)
 B - an amulet of guardian spirit
Wands
 u - a wand of digging (11)
Scrolls
 b - 3 scrolls of fog
 c - 5 scrolls of amnesia
 o - a scroll of teleportation
Potions
 d - 6 potions of might
 g - a potion of flight {unknown}
 h - 2 potions of haste {unknown}
 j - 6 potions of curing
 k - a potion of resistance {unknown}
 m - 4 potions of attraction {unknown}
 n - 4 potions of brilliance {unknown}
 v - a potion of ambrosia {unknown}
 z - a potion of degeneration {unknown}
 A - a potion of berserk rage {unknown}


   Skills:
 + Level 5.7 Fighting
 + Level 5.7 Short Blades
 + Level 5.7 Long Blades
 + Level 5.7 Axes
 + Level 5.7 Maces & Flails
 + Level 5.7 Polearms
 + Level 5.7 Staves
 + Level 5.7 Slings
 + Level 5.7 Bows
 + Level 5.7 Crossbows
 + Level 5.7 Throwing
 + Level 5.7 Armour
 + Level 7.4 Dodging
 + Level 7.2 Stealth
 + Level 5.7 Shields
 + Level 5.7 Unarmed Combat
 + Level 7.7 Spellcasting
 + Level 4.7 Conjurations
 + Level 4.7 Hexes
 + Level 8.6 Summonings
 + Level 4.7 Necromancy
 + Level 4.7 Translocations
 + Level 4.7 Transmutations
 + Level 4.7 Fire Magic
 + Level 4.7 Ice Magic
 + Level 4.7 Air Magic
 + Level 4.7 Earth Magic
 + Level 4.7 Poison Magic
 + Level 6.3 Invocations
 + Level 5.7 Evocations


You had 18 spell levels left.
You knew the following spells:

 Your Spells              Type           Power      Damage    Failure   Level
a - Summon Small Mammal   Summ           100%       N/A       1%          1
b - Call Imp              Summ           50%        N/A       1%          2
c - Call Canine Familiar  Summ           50%        N/A       1%          3

Your spell library contained the following spells:

 Spells                   Type           Power      Damage    Failure   Level
 Summon Guardian Golem    Hex/Summ       41%        N/A       1%          3
 Gell's Gravitas          Tloc           16%        N/A       2%          3
 Ignite Poison            Fire/Tmut/Pois 32%        N/A       2%          3
 Lesser Beckoning         Tloc           16%        N/A       2%          3
 Mephitic Cloud           Conj/Pois/Air  32%        N/A       2%          3
 Teleport Other           Tloc           32%        N/A       2%          3
 Summon Lightning Spire   Summ/Air       41%        N/A       4%          4
 Bolt of Magma            Conj/Fire/Erth 16%        4d9       26%         5


Dungeon Overview and Level Annotations

Branches:
Dungeon (9/15)             Temple (1/1) D:7            Lair (0/6) D:8
    Orc: D:9-12

Altars:
Ashenzari
Cheibriados
Dithmenos
Elyvilon
Fedhas
Gozag
Hepliaklqana
Kikubaaqudgha
Makhleb
Nemelex Xobeh
Okawaru
Ru
Sif Muna
Trog
Uskayaw
Vehumet
Wu Jian
Xom
Yredelemnul
Zin
The Shining One

Shops:
D:1 [   D:7 =


Innate Abilities, Weirdness & Mutations

You have very sharp teeth.
Your uncanny sense of smell can sniff out nearby items.
Your experience applies equally to all skills.


Message History

The gargoyle hurls a stone arrow at you.
The stone arrow misses you.
Your wolf bites the boulder beetle but does no damage.
The boulder beetle bites you!!
Unknown command.
You hit the boulder beetle but do no damage.
You bite the boulder beetle, but do no damage.
The boulder beetle is severely wounded.
You hit the boulder beetle but do no damage.
The boulder beetle is severely wounded.
Your wolf bites the boulder beetle!
The boulder beetle bites you but does no damage.
You hit the boulder beetle but do no damage.
The boulder beetle is almost dead.
Your wolf bites the boulder beetle.
Unknown command.
You completely miss the boulder beetle. Your bite misses the boulder beetle.
The boulder beetle is almost dead.
You hit the boulder beetle.
You feel better.
The boulder beetle is almost dead.
Your wolf bites the boulder beetle but does no damage.
The gargoyle hurls a stone arrow at you.
The stone arrow hits you!!
* * * LOW HITPOINT WARNING * * *
The boulder beetle misses your wolf.
Your crimson imp hits the boulder beetle but does no damage.
Your wolf bites the boulder beetle but does no damage.
Your wolf barely misses the boulder beetle.
Your crimson imp hits the boulder beetle but does no damage.
The boulder beetle bites your crimson imp!
Your wolf completely misses the boulder beetle.
The boulder beetle bites your crimson imp.
Your crimson imp blinks!
Your wolf bites the boulder beetle.
Your wolf bites the boulder beetle but does no damage.
Your white imp gestures at the boulder beetle.
The puff of frost hits the boulder beetle but does no damage.
The gargoyle hurls a stone arrow at you.
The stone arrow hits you!!
You die...

#.# # #####.###
#.#....5..###
#.....#B....###
....5..h......+
.......9..#
###..###..# #
#..#
#.#.##.@###.#
........<...#
..#..##.##..###
##.##........
#..#.##..##.
###.#.##..#
#.........#
###...###.# ∆
#...#


You could see a boulder beetle (ally target), a gargoyle, a friendly wolf
(summoned) and a friendly white imp (summoned).

Vanquished Creatures
  3 two-headed ogres
  A troll (D:9)
  A shadow (D:9)
  A wyvern (D:7)
  A steam dragon (D:8)
  A sky beast (D:7)
  An orc warrior (D:8)
  An ice beast (D:7)
  2 ogres (D:7)
  2 necrophages (D:6)
  2 centaurs (D:8)
  A phantom (D:5)
  6 bullfrogs
  2 kobold brigands
  2 scorpions (D:5)
  A gnoll sergeant (D:7)
  2 water moccasin zombies
  A killer bee (D:8)
  5 wights
  A howler monkey (D:5)
  2 centaur zombies (D:8)
  2 bullfrog zombies
  3 hounds
  2 orc priests
  A gnoll shaman (D:6)
  2 jellies
  A centaur skeleton (D:5)
  4 orc wizards
  8 gnolls
  6 adders
  2 ufetubi (D:5)
  4 worms
  4 dart slugs
  16 orcs
  5 endoplasms
  3 giant cockroaches
  2 goblins (D:3)
  3 hobgoblins
  2 jackals
  6 kobolds
  2 ball pythons
  2 bats (D:3)
  2 frilled lizards
  4 rats
125 creatures vanquished.

Vanquished Creatures (collateral kills)
  Harold (D:7)
  A steam dragon (D:7)
  Menkaure (D:4)
  An ice beast (D:6)
  3 ogres
  A gnoll sergeant (D:6)
  3 scorpions
  2 wights (D:6)
  An iguana (D:4)
  Terence (D:1)
  An adder (D:1)
  5 gnolls (D:6)
  A worm (D:2)
  6 orcs
  A ball python (D:1)
  An endoplasm (D:2)
  3 giant cockroaches
  2 goblins
  3 hobgoblins
  7 jackals
  3 quokkas
  3 bats
  A frilled lizard (D:1)
  6 kobolds
  2 rats
60 creatures vanquished.

Grand Total: 185 creatures vanquished

Notes
Turn   | Place    | Note
-------+----------+-------------------------------------------
     0 | D:1      | zeram the Gnoll Summoner began the quest for the Orb.
     0 | D:1      | Reached XP level 1. HP: 13/13 MP: 6/6
    14 | D:1      | Found Ciqytedo's Antique Armour Shop.
   157 | D:1      | Found a faded altar of an unknown god.
   749 | D:1      | Reached XP level 2. HP: 7/19 MP: 4/7
  1912 | D:2      | Noticed Terence
  2229 | D:1      | Killed Terence
  2230 | D:1      | Reached skill level 5 in Spellcasting
  2230 | D:1      | Reached XP level 3. HP: 6/25 MP: 4/9
  2464 | D:1      | Learned a level 2 spell: Call Imp
  2468 | D:1      | Learned a level 3 spell: Call Canine Familiar
  3436 | D:3      | Noticed a scorpion
  3442 | D:3      | Killed a scorpion
  3443 | D:3      | Reached skill level 1 in Fighting
  3443 | D:3      | Reached skill level 1 in Short Blades
  3443 | D:3      | Reached skill level 1 in Long Blades
  3443 | D:3      | Reached skill level 1 in Axes
  3443 | D:3      | Reached skill level 1 in Maces & Flails
  3443 | D:3      | Reached skill level 1 in Polearms
  3443 | D:3      | Reached skill level 1 in Staves
  3443 | D:3      | Reached skill level 1 in Slings
  3443 | D:3      | Reached skill level 1 in Bows
  3443 | D:3      | Reached skill level 1 in Crossbows
  3443 | D:3      | Reached skill level 1 in Throwing
  3443 | D:3      | Reached skill level 1 in Armour
  3443 | D:3      | Reached skill level 1 in Shields
  3443 | D:3      | Reached skill level 1 in Unarmed Combat
  3443 | D:3      | Reached skill level 1 in Invocations
  3443 | D:3      | Reached skill level 1 in Evocations
  3443 | D:3      | Reached XP level 4. HP: 32/32 MP: 3/11
  3510 | D:3      | Found a sacrificial altar of Ru.
  3774 | D:3      | Reached skill level 1 in Conjurations
  3774 | D:3      | Reached skill level 1 in Hexes
  3774 | D:3      | Reached skill level 1 in Necromancy
  3774 | D:3      | Reached skill level 1 in Translocations
  3774 | D:3      | Reached skill level 1 in Transmutations
  3774 | D:3      | Reached skill level 1 in Fire Magic
  3774 | D:3      | Reached skill level 1 in Ice Magic
  3774 | D:3      | Reached skill level 1 in Air Magic
  3774 | D:3      | Reached skill level 1 in Earth Magic
  3774 | D:3      | Reached skill level 1 in Poison Magic
  4334 | D:3      | Found a shimmering altar of Xom.
  4347 | D:3      | Reached XP level 5. HP: 23/37 MP: 7/12
  5226 | D:4      | Noticed an ogre
  5254 | D:4      | Killed an ogre
  5255 | D:4      | Reached XP level 6. HP: 44/44 MP: 2/13
  5523 | D:4      | Identified a scroll of acquirement
  5523 | D:4      | Acquired the +8 quick blade of the Coward {vamp, Contam
                  | Will- Int+7 Dex+4}
  5618 | D:4      | Noticed Menkaure
  5631 | D:4      | Killed Menkaure
  5632 | D:4      | Reached skill level 5 in Dodging
  6075 | D:4      | Reached XP level 7. HP: 20/50 MP: 7/15
  6286 | D:5      | Entered Level 5 of the Dungeon
  6565 | D:5      | Reached skill level 5 in Stealth
  6693 | D:1      | Bought a transparent robe for 171 gold pieces
  6693 | D:1      | Identified the +5 robe "Duqajiaf" {rC++ SInv} (You bought
                  | it in a shop on level 1 of the Dungeon)
  7002 | D:5      | Reached XP level 8. HP: 57/57 MP: 16/16
  7219 | D:5      | Found an ornate altar of the Wu Jian Council.
  7219 | D:5      | Found a hazy altar of Hepliaklqana.
  7298 | D:5      | Found a burning altar of Makhleb.
  7300 | D:5      | Found a hide-covered altar of Uskayaw.
  7937 | D:6      | Found a blossoming altar of Fedhas.
  8824 | D:6      | Reached XP level 9. HP: 47/65 MP: 5/18
  9383 | D:7      | Found a staircase to the Ecumenical Temple.
  9390 | D:7      | Found a shadowy altar of Dithmenos.
  9444 | Temple   | Entered the Ecumenical Temple
  9751 | D:7      | Became a worshipper of Dithmenos the Shadowed
  9880 | D:7      | Noticed Harold
  9899 | D:7      | Killed Harold
  9900 | D:7      | Reached skill level 8 in Summonings
 10311 | D:7      | Reached skill level 5 in Invocations
 10616 | D:7      | Found Puifram's Jewellery Shoppe.
 10830 | D:8      | Reached XP level 10. HP: 73/73 MP: 20/20
 11047 | D:8      | Found a staircase to the Lair.
 11089 | D:8      | Noticed a two-headed ogre
 11114 | D:8      | Killed a two-headed ogre
 11115 | D:8      | Reached skill level 5 in Fighting
 11115 | D:8      | Reached skill level 5 in Short Blades
 11115 | D:8      | Reached skill level 5 in Long Blades
 11115 | D:8      | Reached skill level 5 in Axes
 11115 | D:8      | Reached skill level 5 in Maces & Flails
 11115 | D:8      | Reached skill level 5 in Polearms
 11115 | D:8      | Reached skill level 5 in Staves
 11115 | D:8      | Reached skill level 5 in Slings
 11115 | D:8      | Reached skill level 5 in Bows
 11115 | D:8      | Reached skill level 5 in Crossbows
 11115 | D:8      | Reached skill level 5 in Throwing
 11115 | D:8      | Reached skill level 5 in Armour
 11115 | D:8      | Reached skill level 5 in Shields
 11115 | D:8      | Reached skill level 5 in Unarmed Combat
 11115 | D:8      | Reached skill level 5 in Evocations
 11116 | D:8      | Identified the +3 flail "Ihawo" {vamp, rElec rPois Will-
                  | Dex+4}
 11658 | D:8      | Reached * piety under Dithmenos
 11944 | D:9      | Noticed a two-headed ogre
 11959 | D:9      | Killed a two-headed ogre
 12256 | D:9      | Noticed a two-headed ogre
 12271 | D:9      | Killed a two-headed ogre
 12381 | D:9      | Noticed a boulder beetle
 12414 | D:9      | Noticed a gargoyle
 12424 | D:9      | Killed from afar by a gargoyle

Illustrated notes

Levels and vault maps discovered:
D:1:      scummos_arrival_hexagon, layout_loops_ring, serial_shops, shop,
          basic_ecumenical_altar
D:2:      layout_basic, minmay_misc_feat_pillars, nrook_loot_triangle,
          minmay_bisected, uniq_terence
D:3:      layout_basic, amcnicky_altar_gilded, tgw_xom
D:4:      layout_loops_corners, minmay_stone_trees_small, grunt_ministairs_14,
          uniq_menkaure
D:5:      layout_basic, minitemple, gammafunk_temple_overflow_elements,
          grunt_ministairs_13, chequers_decorated_corner,
          hangedman_abyss_or_decor_passed
D:6:      layout_basic, mainiacjoe_overflow_cross_hatched
D:7:      layout_loops_ring, grunt_dithmenos_smoke_and_mirrors,
          minmay_temple_entry_offerings, serial_shops, shop_statue,
          kennysheep_generic_room_3, uniq_harold
D:8:      layout_cave_pools, lair_entry_dummy, grunt_tough_drop
D:9:      layout_basic
Temple:   oiseaux_autumnal_temple

Skill      XL: |  1  2  3  4  5  6  7  8  9 10 |
---------------+-------------------------------+-----
Spellcasting   | 5 6 7 |  7.7
Fighting       | 1 2 3 4 5 |  5.7
Short Blades   | 1 2 3 4 5 |  5.7
Long Blades    | 1 2 3 4 5 |  5.7
Axes           | 1 2 3 4 5 |  5.7
Maces & Flails | 1 2 3 4 5 |  5.7
Polearms       | 1 2 3 4 5 |  5.7
Staves         | 1 2 3 4 5 |  5.7
Slings         | 1 2 3 4 5 |  5.7
Bows           | 1 2 3 4 5 |  5.7
Crossbows      | 1 2 3 4 5 |  5.7
Throwing       | 1 2 3 4 5 |  5.7
Armour         | 1 2 3 4 5 |  5.7
Shields        | 1 2 3 4 5 |  5.7
Unarmed Combat | 1 2 3 4 5 |  5.7
Invocations    | 1 2 3 4 5 6 |  6.3
Evocations     | 1 2 3 4 5 |  5.7
Conjurations   | 1 2 3 4 |  4.7
Hexes          | 1 2 3 4 |  4.7
Necromancy     | 1 2 3 4 |  4.7
Translocations | 1 2 3 4 |  4.7
Transmutations | 1 2 3 4 |  4.7
Fire Magic     | 1 2 3 4 |  4.7
Ice Magic      | 1 2 3 4 |  4.7
Air Magic      | 1 2 3 4 |  4.7
Earth Magic    | 1 2 3 4 |  4.7
Poison Magic   | 1 2 3 4 |  4.7
Dodging        | 5 6 7 |  7.4
Stealth        | 5 6 7 |  7.2
Summonings     | 8 |  8.6

Action                   |  1- 3 |  4- 6 |  7- 9 | 10-12 || total
-------------------------+-------+-------+-------+-------++-------
Melee: Unarmed           |    36 |       |       |       ||    36
       Bite              |    10 |    12 |    28 |    34 ||    84
       Short sword       |    26 |    70 |       |       ||    96
       Quick blade       |       |    33 |   287 |   240 ||   560
 Cast: Summon Small Mamm |    44 |     6 |     2 |       ||    52
       Call Imp          |     9 |    24 |    25 |     5 ||    63
       Call Canine Famil |       |     3 |    15 |     5 ||    23
  Use: Scroll            |     3 |     5 |     4 |     1 ||    13
 Stab: Sleeping          |     1 |    10 |     6 |       ||    17
       Distracted        |       |     1 |     3 |     1 ||     5
Armor: Robe              |    15 |     8 |    40 |    28 ||    91
Dodge: Dodged            |    58 |    61 |   161 |    94 ||   374
Block: Buckler           |       |       |    26 |    24 ||    50
